 Dungeon Crawl Stone Soup version 0.22-a0-448-g1fb7470 (webtiles) character file.

204 iamserjio the Chopper (level 5, -3/42 HPs)
             Began as a Minotaur Chaos Knight on June 4, 2018.
             Slain by Hook's ghost (11 damage)
             ... on level 3 of the Dungeon.
             The game lasted 00:03:52 (1775 turns).

iamserjio the Chopper (Minotaur Chaos Knight)       Turns: 1775, Time: 00:03:53

Health: -3/42      AC:  6    Str: 14 (16) XL:     5   Next: 52%
Magic:  4/4        EV: 12    Int:  7 (9)  God:    Xom [.*....]
Gold:   127        SH:  0    Dex: 10 (11) Spells: 4/4 levels left

rFire    . . .     SeeInvis .   a - +0 hand axe (chaos)
rCold    + . .     Gourm    .   (no shield)
rNeg     . . .     Faith    .   b - +2 leather armour
rPois    .         Spirit   .   (helmet restricted)
rElec    .         Reflect  .   (no cloak)
rCorr    .         Harm     .   (no gloves)
MR       .....                  d - +0 pair of boots
Stlth    +.........             (no amulet)
HPRegen  0.14/turn              (no ring)
MPRegen  0.09/turn              (no ring)

@: no status effects
A: retaliatory headbutt, horns 2, cold resistance 1, frail 1
a: Renounce Religion


You were on level 3 of the Dungeon.
You worshipped Xom.
You were a plaything of Xom.
You were not hungry.

You visited 1 branch of the dungeon, and saw 3 of its levels.

You collected 127 gold pieces.

Inventory:

Hand Weapons
 a - a +0 hand axe of chaos (weapon)
Missiles
 w - a silver tomahawk (quivered)
Armour
 b - a +2 leather armour (worn)
 d - a +0 pair of boots (worn)
 p - a +1 animal skin
 r - a +0 ring mail
Jewellery
 o - an uncursed amulet of the gourmand {unknown}
Scrolls
 g - 4 scrolls of identify {unknown}
 h - a scroll of fog {unknown}
 i - 2 scrolls of magic mapping {unknown}
 j - a scroll of fear {unknown}
 l - 2 scrolls of remove curse {unknown}
 m - 2 scrolls of immolation {unknown}
 q - a scroll of random uselessness {unknown}
Potions
 e - a potion of mutation
 v - a potion of heal wounds {unknown}
Comestibles
 c - 5 rations
 u - a chunk of flesh


   Skills:
 + Level 4.8 Fighting
 * Level 5.7 Axes
 + Level 3.9 Armour
 - Level 2.0 Dodging


You had 4 spell levels left.
You didn't know any spells.
Your spell library was empty.

Dungeon Overview and Level Annotations

Branches:
Dungeon (3/15)

Altars:
Dithmenos
Uskayaw

Annotations:
D:3 Hook's ghost, amateur KoAM


Innate Abilities, Weirdness & Mutations

You reflexively headbutt those who attack you in melee.
You have a pair of horns on your head.
Your flesh is cold resistant. (rC+)
You are frail. (-10% HP)


Message History

Hook's ghost hits you!
* * * LOW HITPOINT WARNING * * *
The gnoll hits you but does no damage. x2
Hook's ghost hits you but does no damage.
You hit the gnoll but do no damage.
The gnoll is heavily wounded.
You hit Hook's ghost.
You feel less invigorated.
You feel less confused.
Hook's ghost hits you but does no damage.
The gnoll hits you but does no damage.
It was a potion of cancellation.
Your magical effects are unravelling.
You feel magically purged.
You feel less wooden.
Your +0 pair of boots unmelds from your body.
Your +2 leather armour unmelds from your body.
You feel yourself speed up. Hook's ghost hits you!
You die...
Xom guffaws!

.....##.....##.....# #.#..#
.... ##..#..###...## #.##.#
#..##..###..##.#.####.##..
#......###.....#....#.###.
...#.....#(.#####....#.# #.
###......(..# #.....#. #.
.......##.### ##.#.###.####
.......##W#####..#..###..#
.........)@.##.#.#.#.##..##
.........)g.##.#.#.#.##....
##g..##<...(#.##.#.##.#..##
...#.....[##.##.#.##.##.##
###....[...+.+.+.....##
#.#.###.##.#.##.##... #.#.#
#.# .#. #.###.# ....# ##.
.## #.# ...### .# #. #.#


You could see Hook's ghost and a gnoll.

Vanquished Creatures
  A crimson imp (D:3)
  An orc wizard (D:3)
  2 hound skeletons (D:2)
  Robin (D:2)
  4 adders
  2 gnolls (D:3)
  2 orcs (D:3)
  3 giant cockroaches
  11 goblins
  8 hobgoblins
  3 jackals (D:2)
  2 kobolds
  2 quokkas
  A bat (D:2)
  2 frilled lizards
  2 rats
47 creatures vanquished.

Notes
Turn   | Place    | Note
-------+----------+-------------------------------------------
     0 | D:1      | iamserjio the Minotaur Chaos Knight began the quest for the Orb.
     0 | D:1      | Reached XP level 1. HP: 19/19 MP: 0/0
   199 | D:1      | Reached XP level 2. HP: 27/27 MP: 1/1
   391 | D:1      | XOM: divination: magic mapping
   459 | D:2      | Reached skill level 4 in Axes
   495 | D:2      | Reached XP level 3. HP: 25/33 MP: 2/2
   526 | D:2      | Noticed Robin
   548 | D:2      | Killed Robin
   653 | D:2      | Reached XP level 4. HP: 40/40 MP: 3/3
   687 | D:2      | XOM: noise
   705 | D:2      | XOM: cloud trail
   928 | D:2      | XOM: harmless Ice miscast
   936 | D:2      | XOM: harmless Tmut miscast
  1008 | D:2      | XOM: divination: magic mapping
  1105 | D:2      | XOM: silly message
  1249 | D:3      | XOM: divination: detect items
  1292 | D:3      | Reached skill level 5 in Axes
  1347 | D:3      | Reached XP level 5. HP: 33/47 MP: 4/4
  1363 | D:3      | Noticed Hook's ghost (amateur KoAM)
  1364 | D:3      | XOM: harmless Ice miscast
  1658 | D:3      | Noticed a dagger
  1658 | D:3      | Noticed a hand axe
  1659 | D:3      | Found a hide-covered altar of Uskayaw.
  1718 | D:3      | Found a shadowy altar of Dithmenos.
  1756 | D:3      | XOM: mild Tloc miscast
  1763 | D:3      | Gained mutation: You are frail. (-10% HP) [potion of mutation]
  1763 | D:3      | Gained mutation: Your flesh is cold resistant. (rC+) [potion of mutation]
  1770 | D:3      | HP: 1/63 [Hook's ghost (5)]
  1775 | D:3      | Slain by Hook's ghost

Vault maps used:
D:1:      minmay_arrival_cross
D:2:      first_ration, uniq_robin
D:3:      nicolae_dithmenos_shadow_blocks, dancing_weapons_uskayaw,
          grunt_decor_clamped, interstate_on_off

Skill      XL: |  1  2  3  4 |
---------------+-------------+-----
Axes           | 4 5 |  5.7
Fighting       | 4 |  4.8
Armour         | 3 |  3.9
Dodging        | 2 |  2.0

Action                   |  1- 3 |  4- 6 || total
-------------------------+-------+-------++-------
Melee: Hand axe          |    46 |    60 ||   106
       Headbutt          |     7 |    14 ||    21
  Use: Potion            |       |     7 ||     7
 Stab: Petrified         |       |     8 ||     8
       Paralysed         |       |     6 ||     6
       Petrifying        |       |     1 ||     1
  Eat: Chunk             |       |     3 ||     3
Armor: Leather armour    |    15 |    13 ||    28
       Skin              |       |    23 ||    23
Dodge: Dodged            |    32 |    38 ||    70

Table legend:
 A = Spawn XP
 B = Non-spawn XP
 C = Spawn XP percentage of total XP
 D = Spawn monster count
 E = Non-spawn monster count
 F = Spawn count percentage of total count
 G = Total turns spent on level
                    A         B        C        D         E        F      G
               +---------+---------+-------+---------+---------+-------+---------
         Total |       0 |     292 |   0.0 |       0 |      47 |   0.0 |  1775
               +---------+---------+-------+---------+---------+-------+---------
           D:1 |       0 |      12 |   0.0 |       0 |       7 |   0.0 |   448
           D:2 |       0 |     119 |   0.0 |       0 |      25 |   0.0 |   975
           D:3 |       0 |     161 |   0.0 |       0 |      15 |   0.0 |   352
               +---------+---------+-------+---------+---------+-------+---------
